TOP OF THE 1ST |
Cincinnati Reds batting - Pitching for St. Louis Cardinals : RHP Keith Anter
|
Pitching: RHP Keith Anter
|
|
Batting: SHB Dave Barefoot
|
0-0: Ball 1-0: Called Strike 1-1: Foul Ball, location: 2F 1-2: Strikes out swinging
|
Batting: SHB Tony Prado
|
0-0: Foul Ball, location: 2F 0-1: Ball 1-1: Fly out, F7 (Line Drive, 7, EV 95.6 MPH)
|
Batting: SHB Jun Tsuda
|
0-0: Ball 1-0: Ball 2-0: Called Strike 2-1: Fly out, F3 (Popup, 3SF, EV 76.2 MPH)
|
Top of the 1st over - 0 runs, 0 hits, 0 errors, 0 left on base; Cincinnati 0 - St. Louis 0 |
BOTTOM OF THE 1ST |
St. Louis Cardinals batting - Pitching for Cincinnati Reds : LHP Eddie Grape
|
Pitching: LHP Eddie Grape
|
|
Batting: SHB Chris Blue
|
0-0: Foul Ball, location: 2F 0-1: Fly out, F9 (Flyball, 9D, EV 83.8 MPH)
|
Batting: RHB Melvin Enriquez
|
0-0: Ball 1-0: Ball 2-0: Ball 3-0: Ground out 6-3 (Groundball, 6, EV 98.8 MPH)
|
Batting: RHB Jordan Diaz
|
0-0: Ball 1-0: Fly out, F9 (Line Drive, 9LM, EV 91.2 MPH)
|
Bottom of the 1st over - 0 runs, 0 hits, 0 errors, 0 left on base; Cincinnati 0 - St. Louis 0 |
TOP OF THE 2ND |
Cincinnati Reds batting - Pitching for St. Louis Cardinals : RHP Keith Anter
|
Batting: LHB Chris Grunwald
|
0-0: Ball 1-0: Fly out, F9 (Flyball, 9D, EV 105.6 MPH)
|
Batting: LHB Antonio Figueroa
|
0-0: Ball 1-0: SOLO HOME RUN (Flyball, 89XD, EV 96.2 MPH), Distance : 389 ft
|
Batting: RHB Willie Lazcano
|
0-0: Called Strike 0-1: Foul Ball, location: 2F 0-2: Ball 1-2: Foul Ball, location: 2F 1-2: Foul Ball, location: 2F 1-2: Strikes out swinging
|
Batting: RHB Joseph Kirchmann
|
0-0: Called Strike 0-1: Foul Ball, location: 2F 0-2: Foul Ball, location: 2F 0-2: Ball 1-2: Strikes out looking
|
Top of the 2nd over - 1 run, 1 hit, 0 errors, 0 left on base; Cincinnati 1 - St. Louis 0 |
BOTTOM OF THE 2ND |
St. Louis Cardinals batting - Pitching for Cincinnati Reds : LHP Eddie Grape
|
Batting: RHB Rocky Campbell
|
0-0: Called Strike 0-1: Ball 1-1: Swinging Strike 1-2: Foul Ball, location: 2F 1-2: Ball 2-2: Ball 3-2: Ground out 4-3 (Groundball, 4, EV 78.1 MPH)
|
Batting: SHB Harry Hoop
|
0-0: Ball 1-0: Ball 2-0: Swinging Strike 2-1: SINGLE (Groundball, 4MS, EV 70.6 MPH) (infield hit)
|
Batting: LHB Billy Guzman
|
0-0: Called Strike 0-1: Grounds into double play, 5-4-3 (Groundball, 56S, EV 83.8 MPH)
|
Bottom of the 2nd over - 0 runs, 1 hit, 0 errors, 0 left on base; Cincinnati 1 - St. Louis 0 |
TOP OF THE 3RD |
Cincinnati Reds batting - Pitching for St. Louis Cardinals : RHP Keith Anter
|
Batting: LHB Jon Ledesma
|
0-0: SOLO HOME RUN (Flyball, 7LD, EV 96.2 MPH), Distance : 351 ft
|
Batting: RHB Takanibu Kaneshiro
|
0-0: Called Strike 0-1: Ground out 6-3 (Groundball, 6, EV 82.5 MPH)
|
Batting: SHB Dave Barefoot
|
0-0: Called Strike 0-1: Ground out 6-3 (Groundball, 6, EV 106.2 MPH)
|
Batting: SHB Tony Prado
|
0-0: Ball 1-0: Ball 2-0: Ball 3-0: Base on Balls
|
Batting: SHB Jun Tsuda
|
0-0: Called Strike 0-1: Foul Ball, location: 2F 0-2: Ball 1-2: Ball 2-2: Ball 3-2: Base on Balls Tony Prado to second
|
Batting: LHB Chris Grunwald
|
0-0: Ball 1-0: Ground out 2-3 (Groundball, 2R, EV 75.0 MPH)
|
Top of the 3rd over - 1 run, 1 hit, 0 errors, 2 left on base; Cincinnati 2 - St. Louis 0 |
BOTTOM OF THE 3RD |
St. Louis Cardinals batting - Pitching for Cincinnati Reds : LHP Eddie Grape
|
Batting: RHB Klaas Meij
|
0-0: Ball 1-0: Ball 2-0: Called Strike 2-1: SINGLE (Groundball, 56S, EV 63.8 MPH) (infield hit)
|
Batting: LHB Armando Carbajal
|
0-0: Ball 1-0: Foul Ball, location: 2F 1-1: Ball 2-1: Grounds into double play, 4-6-3 (Groundball, 4, EV 83.8 MPH)
|
Batting: LHB Pat Sutton
|
0-0: Hit by Pitch
|
Batting: SHB Chris Blue
|
0-0: 2-RUN HOME RUN (Flyball, 7D, EV 97.5 MPH), Distance : 373 ft
|
Batting: RHB Melvin Enriquez
|
0-0: Swinging Strike 0-1: Ball 1-1: Ball 2-1: Called Strike 2-2: Strikes out looking
|
Bottom of the 3rd over - 2 runs, 2 hits, 0 errors, 0 left on base; Cincinnati 2 - St. Louis 2 |
TOP OF THE 4TH |
Cincinnati Reds batting - Pitching for St. Louis Cardinals : RHP Keith Anter
|
Batting: LHB Antonio Figueroa
|
0-0: Ball 1-0: Foul Ball, location: 2F 1-1: SINGLE (Groundball, 6D, EV 95.0 MPH)
|
Batting: RHB Willie Lazcano
|
0-0: Ball 1-0: Called Strike 1-1: Ball 2-1: Ball 3-1: Foul Ball, location: 2F 3-2: Foul Ball, location: 2F 3-2: Base on Balls Antonio Figueroa to second
|
Batting: RHB Joseph Kirchmann
|
0-0: Called Strike 0-1: Ball Wild Pitch! Antonio Figueroa to third Willie Lazcano to second 1-1: Ball 2-1: SINGLE (Groundball, 6MD, EV 103.8 MPH) Antonio Figueroa scores Willie Lazcano to third Runner from 3rd tries for Home, SAFE, throw by CF to home
|
Batting: LHB Jon Ledesma
|
0-0: Called Strike Joseph Kirchmann steals 2nd base 0-1: Ball 1-1: Called Strike 1-2: Foul Ball, location: 2F 1-2: Ball 2-2: DOUBLE (Line Drive, 3D, EV 99.4 MPH) Joseph Kirchmann scores
|
Batting: RHB Takanibu Kaneshiro
|
0-0: Ball 1-0: Ball 2-0: Ground out 4-3 (Groundball, 4, EV 85.6 MPH) Jon Ledesma to third
|
Batting: SHB Dave Barefoot
|
0-0: Ball 1-0: Called Strike 1-1: Called Strike 1-2: Strikes out swinging
|
Batting: SHB Tony Prado
|
0-0: Ball 1-0: Ball 2-0: Foul Ball, location: 2F 2-1: Ball 3-1: Swinging Strike 3-2: Strikes out swinging
|
Top of the 4th over - 3 runs, 3 hits, 0 errors, 1 left on base; Cincinnati 5 - St. Louis 2 |
BOTTOM OF THE 4TH |
St. Louis Cardinals batting - Pitching for Cincinnati Reds : LHP Eddie Grape
|
Batting: RHB Jordan Diaz
|
0-0: Ball 1-0: Ball 2-0: Called Strike 2-1: Swinging Strike 2-2: Strikes out swinging
|
Batting: RHB Rocky Campbell
|
0-0: Called Strike 0-1: Ball 1-1: DOUBLE (Line Drive, 9LM, EV 101.2 MPH)
|
Batting: SHB Harry Hoop
|
0-0: Foul Ball, location: 2F 0-1: Foul Ball, location: 2F 0-2: Strikes out looking
|
Batting: LHB Billy Guzman
|
0-0: Called Strike 0-1: SINGLE (Groundball, 6, EV 95.0 MPH) Rocky Campbell to third Runner from 3rd tries for Home, SAFE, throw by LF to home
|
Batting: RHB Klaas Meij
|
0-0: Ball Billy Guzman is caught stealing 2nd base 2-4
|
Bottom of the 4th over - 1 run, 2 hits, 0 errors, 0 left on base; Cincinnati 5 - St. Louis 3 |
TOP OF THE 5TH |
Cincinnati Reds batting - Pitching for St. Louis Cardinals : RHP Keith Anter
|
Batting: SHB Jun Tsuda
|
0-0: Foul Ball, location: 2F 0-1: Called Strike 0-2: Ball 1-2: Ground out 1-3 (Groundball, 13S, EV 66.2 MPH)
|
Batting: LHB Chris Grunwald
|
0-0: Ball 1-0: Called Strike 1-1: Ground out 4-3 (Groundball, 4, EV 108.8 MPH)
|
Batting: LHB Antonio Figueroa
|
0-0: Called Strike 0-1: Foul Ball, location: 2F 0-2: Foul Ball, location: 2F 0-2: Ball 1-2: Strikes out swinging
|
Top of the 5th over - 0 runs, 0 hits, 0 errors, 0 left on base; Cincinnati 5 - St. Louis 3 |
BOTTOM OF THE 5TH |
St. Louis Cardinals batting - Pitching for Cincinnati Reds : LHP Eddie Grape
|
Batting: RHB Klaas Meij
|
0-0: Called Strike 0-1: Foul Ball, location: 2F 0-2: Ball 1-2: Ball 2-2: Strikes out swinging
|
Batting: LHB Armando Carbajal
|
0-0: Called Strike 0-1: Ball 1-1: Foul Ball, location: 2F 1-2: Ball 2-2: Foul Ball, location: 2F 2-2: Strikes out swinging
|
Batting: LHB Pat Sutton
|
0-0: Swinging Strike 0-1: Ball 1-1: Foul Ball, location: 2F 1-2: Ball 2-2: Foul Ball, location: 2F 2-2: Ball 3-2: Foul Ball, location: 2F 3-2: Ground out 5-3 (Groundball, 56, EV 81.9 MPH)
|
Bottom of the 5th over - 0 runs, 0 hits, 0 errors, 0 left on base; Cincinnati 5 - St. Louis 3 |
TOP OF THE 6TH |
Cincinnati Reds batting - Pitching for St. Louis Cardinals : RHP Keith Anter
|
Batting: RHB Willie Lazcano
|
0-0: Ball 1-0: Ball 2-0: Called Strike 2-1: Foul Ball, location: 2F 2-2: Ball 3-2: Foul Ball, location: 2F 3-2: Strikes out swinging
|
Pitching: RHP Geoff Mooney
|
|
Batting: RHB Joseph Kirchmann
|
0-0: Ball 1-0: Ball 2-0: Ball 3-0: Called Strike 3-1: Foul Ball, location: 2F 3-2: Ground out 6-3 (Groundball, 6MS, EV 89.4 MPH)
|
Batting: LHB Jon Ledesma
|
0-0: Ball 1-0: Ball 2-0: Called Strike 2-1: Fly out, F2 (Popup, 2RF, EV 92.5 MPH)
|
Top of the 6th over - 0 runs, 0 hits, 0 errors, 0 left on base; Cincinnati 5 - St. Louis 3 |
BOTTOM OF THE 6TH |
St. Louis Cardinals batting - Pitching for Cincinnati Reds : LHP Eddie Grape
|
Batting: SHB Chris Blue
|
0-0: Called Strike 0-1: Ball 1-1: Ball 2-1: Ball 3-1: Foul Ball, location: 2F 3-2: Strikes out swinging
|
Batting: RHB Melvin Enriquez
|
0-0: Ground out 6-3 (Groundball, 6S, EV 83.1 MPH)
|
Batting: RHB Jordan Diaz
|
0-0: Called Strike 0-1: Ground out 5-3 (Groundball, 56, EV 102.5 MPH)
|
Bottom of the 6th over - 0 runs, 0 hits, 0 errors, 0 left on base; Cincinnati 5 - St. Louis 3 |
TOP OF THE 7TH |
Cincinnati Reds batting - Pitching for St. Louis Cardinals : RHP Geoff Mooney
|
Batting: RHB Takanibu Kaneshiro
|
0-0: Hit by Pitch
|
Batting: SHB Dave Barefoot
|
0-0: Ball 1-0: Ball 2-0: Ball 3-0: Called Strike 3-1: Base on Balls Takanibu Kaneshiro to second
|
Batting: SHB Tony Prado
|
0-0: Ball 1-0: Swinging Strike 1-1: Called Strike 1-2: Ball 2-2: Ball 3-2: Base on Balls Takanibu Kaneshiro to third Dave Barefoot to second
|
Batting: SHB Jun Tsuda
|
0-0: Ball 1-0: Called Strike 1-1: Ball 2-1: Foul Ball, location: 2F 2-2: Ball 3-2: Strikes out swinging
|
Batting: LHB Chris Grunwald
|
0-0: Ball 1-0: Ball 2-0: Called Strike 2-1: Swinging Strike 2-2: Strikes out swinging
|
Pitching: LHP Nate Crow
|
|
Batting: RHB Mike Alm
|
0-0: Swinging Strike 0-1: Ball 1-1: Ball Wild Pitch! Takanibu Kaneshiro scores Dave Barefoot to third Tony Prado to second 2-1: Ball 3-1: Base on Balls
|
Batting: RHB Willie Lazcano
|
0-0: Called Strike 0-1: Fly out, F9 (Flyball, 9D, EV 95.6 MPH)
|
Top of the 7th over - 1 run, 0 hits, 0 errors, 3 left on base; Cincinnati 6 - St. Louis 3 |
BOTTOM OF THE 7TH |
St. Louis Cardinals batting - Pitching for Cincinnati Reds : LHP Eddie Grape
|
Batting: RHB Rocky Campbell
|
0-0: Ball 1-0: Called Strike 1-1: Swinging Strike 1-2: Ball 2-2: Ground out 6-3 (Groundball, 6, EV 108.1 MPH)
|
Batting: SHB Harry Hoop
|
0-0: Called Strike 0-1: Swinging Strike 0-2: Ball 1-2: Strikes out looking
|
Batting: LHB Billy Guzman
|
0-0: Called Strike 0-1: Ball 1-1: Foul Ball, location: 2F 1-2: Ball 2-2: Strikes out swinging
|
Bottom of the 7th over - 0 runs, 0 hits, 0 errors, 0 left on base; Cincinnati 6 - St. Louis 3 |
TOP OF THE 8TH |
Cincinnati Reds batting - Pitching for St. Louis Cardinals : LHP Nate Crow
|
Batting: RHB Joseph Kirchmann
|
0-0: Foul Ball, location: 2F 0-1: Foul Ball, location: 2F 0-2: Ball 1-2: Ball 2-2: Ball 3-2: Foul Ball, location: 2F 3-2: Base on Balls
|
Batting: LHB Jon Ledesma
|
0-0: Ball 1-0: Ball 2-0: Sac Bunt to 5S - play at first, batter OUT! 5-3 Joseph Kirchmann to second
|
Batting: RHB Takanibu Kaneshiro
|
0-0: Ball 1-0: Ball 2-0: Ground out 3-1 (Groundball, 34, EV 111.2 MPH) Joseph Kirchmann to third
|
Batting: SHB Dave Barefoot
|
0-0: Ball 1-0: Called Strike 1-1: Fly out, F3 (Popup, 3SF, EV 68.1 MPH)
|
Top of the 8th over - 0 runs, 0 hits, 0 errors, 1 left on base; Cincinnati 6 - St. Louis 3 |
BOTTOM OF THE 8TH |
St. Louis Cardinals batting - Pitching for Cincinnati Reds : LHP Eddie Grape
|
Batting: RHB Klaas Meij
|
0-0: Ball 1-0: Ball 2-0: Foul Ball, location: 2F 2-1: SINGLE (Groundball, 3D, EV 99.4 MPH)
|
Batting: LHB Armando Carbajal
|
0-0: SINGLE (Groundball, 34D, EV 94.4 MPH) Klaas Meij to second Runner from 2nd tries for 3rd, SAFE, throw by RF made to third
|
Batting: SHB Jason Kirby
|
0-0: Fly out, F7 (Flyball, BS2, EV 102.5 MPH) Runner from 3rd tags up, SCORES, no throw by LF
|
Batting: SHB Chris Blue
|
0-0: SINGLE (Groundball, 6M, EV 100.6 MPH) (infield hit) Armando Carbajal to second
|
Batting: RHB Melvin Enriquez
|
0-0: Called Strike 0-1: Called Strike 0-2: 3-RUN HOME RUN (Flyball, 78XD, EV 103.1 MPH), Distance : 397 ft
|
Pitching: RHP Justin Ambrose
|
|
Batting: RHB Jordan Diaz
|
0-0: Called Strike 0-1: Called Strike 0-2: Strikes out swinging
|
Batting: RHB Rocky Campbell
|
0-0: DOUBLE (Line Drive, 9LS, EV 94.4 MPH)
|
Batting: SHB Harry Hoop
|
0-0: Called Strike 0-1: Ball 1-1: DOUBLE (Groundball, 5L, EV 97.5 MPH) Rocky Campbell scores
|
Batting: LHB Billy Guzman
|
0-0: Ball 1-0: Called Strike 1-1: Ball 2-1: Foul Ball, location: 2F 2-2: Ball 3-2: Foul Ball, location: 2F 3-2: Foul Ball, location: 2F 3-2: Base on Balls
|
Batting: RHB Klaas Meij
|
0-0: Called Strike 0-1: Swinging Strike 0-2: Foul Ball, location: 2F 0-2: Strikes out swinging
|
Bottom of the 8th over - 5 runs, 6 hits, 0 errors, 2 left on base; Cincinnati 6 - St. Louis 8 |
TOP OF THE 9TH |
Cincinnati Reds batting - Pitching for St. Louis Cardinals : LHP Nate Crow
|
Pitching: RHP Bryan Banana
|
|
Batting: SHB Tony Prado
|
0-0: Called Strike 0-1: Called Strike 0-2: Foul Ball, location: 2F 0-2: Strikes out looking
|
Batting: SHB Jun Tsuda
|
0-0: Called Strike 0-1: Foul Ball, location: 2F 0-2: Ball 1-2: Strikes out looking
|
Batting: LHB Chris Grunwald
|
0-0: Called Strike 0-1: Foul Ball, location: 2F 0-2: Ball 1-2: Ball 2-2: Strikes out swinging
|
Top of the 9th over - 0 runs, 0 hits, 0 errors, 0 left on base; Cincinnati 6 - St. Louis 8 |
|